 Dungeon Crawl Stone Soup version 0.32-a0-876-gcfddb08e57 (webtiles) character file.

Game seed: 3905642770656384431

103 Fodor the Shield-Bearer (level 4, -5/40 HPs)
             Began as a Minotaur Fighter on Apr 1, 2024.
             Slain by Grinder (8 damage)
             ... while paralysed by Grinder
             ... on level 3 of the Dungeon.
             The game lasted 00:06:03 (2127 turns).

Fodor the Shield-Bearer (Minotaur Fighter)          Turns: 2127, Time: 00:06:03

Health: -5/40      AC:  7    Str: 22    XL:     4   Next: 51%
Magic:  3/3        EV:  2    Int:  5    God:
Gold:   53         SH:  0    Dex: 10    Spells: 3/3 levels left

rFire   . . .        a - +0 war axe
rCold   . . .        c - +0 buckler
rNeg    . . .        b - +0 scale mail
rPois   .            (helmet restricted)
rElec   .            (no cloak)
rCorr   .            (no gloves)
SInv    .            (no boots)
Will    .....        (no amulet) Stlth
                     (no ring)
HPRegen 0.26/turn    (no ring)
MPRegen 0.08/turn

%: no passive effects
@: paralysed, on fire, glowing
A: horns 2, retaliatory headbutt
a: no special abilities


You were on level 3 of the Dungeon.
You visited 1 branch of the dungeon, and saw 3 of its levels.

You collected 53 gold pieces.

Inventory:

Hand Weapons
 a - a +0 war axe (weapon)
Armour
 b - a +0 scale mail (worn)
 c - a +0 buckler (worn)
Scrolls
 l - a scroll of poison {unknown}
 m - 2 scrolls of identify {unknown}
 o - a scroll of enchant armour {unknown}
 p - a scroll of amnesia {unknown}
 q - a scroll of immolation {unknown}
 r - a scroll of teleportation {unknown}
Potions
 d - 2 potions of might
 e - a potion of degeneration {unknown}
 f - a potion of lignification {unknown}
 g - a potion of invisibility {unknown}
 h - a potion of cancellation {unknown}
 j - a potion of haste {unknown}
 k - a potion of enlightenment {unknown}
 n - a potion of attraction {unknown}


   Skills:
 + Level 4.1 Fighting
 + Level 3.9 Axes
 + Level 4.3 Armour
 + Level 1.0 Dodging
 + Level 4.4 Shields


You had 3 spell levels left.
You didn't know any spells.
Your spell library was empty.

Dungeon Overview and Level Annotations

Branches:
Dungeon (3/15)

Altars:

Shops:
D:3 =

Annotations:
D:3 Grinder


Innate Abilities, Weirdness & Mutations

You have a pair of horns on your head.
You reflexively headbutt those who attack you in melee.


Message History

You suddenly lose the ability to move!
Grinder zaps a wand.
The puff of flame hits you.
* * * LOW HITPOINT WARNING * * *
The bombardier beetle bites you but does no damage.
Grinder blinks!
The bombardier beetle bites you but does no damage.
You can move again.
You feel better.
You feel better. Grinder gestures at you.
You barely resist.
You block the bombardier beetle's attack.
You barely miss the bombardier beetle.
Grinder zaps a wand.
The puff of flame hits you.
* * * LOW HITPOINT WARNING * * *
The bombardier beetle bites you but does no damage.
You hit the bombardier beetle but do no damage.
You barely miss the bombardier beetle.
The bombardier beetle bites you but does no damage.
You hit the bombardier beetle but do no damage.
Your headbutt misses the bombardier beetle.
You closely miss Grinder. Grinder closely misses you. You furiously retaliate!
You headbutt Grinder, but do no damage.
The bombardier beetle completely misses you.
Grinder hits you.
* * * LOW HITPOINT WARNING * * *
You writhe in agony.
* * * LOW HITPOINT WARNING * * *
You barely miss the bombardier beetle. You hit Grinder but do no damage.
Grinder gestures at you.
You suddenly lose the ability to move!
The bombardier beetle sprays incendiary fluid at you.
The burning spray hits you.
You are covered in liquid fire!
The liquid fire burns you!
* * * LOW HITPOINT WARNING * * *
Grinder says, "I used to sell toenails on the black market."
Grinder hits you!
You die...
Grinder says, "Hey, I wasn't done torturing you yet!"

#....†.......
.....#.#.
#.......##### ..##
#.#. #.......### #
..#. #.........#
#.. ###.
#######...#####.'.
.. #........# .#
##........####
#.............
#.#..@B.......
...#...5.......
................
####..#......####
##.##.....# #.
#.....# #......
#.......


You could see Grinder and a bombardier beetle.

Vanquished Creatures
  Robin (D:3)
  An adder (D:2)
  A ribbon worm (D:1)
  3 dart slugs
  3 bats
  4 endoplasms
  3 giant cockroaches
  11 goblins
  7 hobgoblins
  9 jackals
  4 quokkas
  6 ball pythons
  4 frilled lizards
  7 kobolds
  4 rats
68 creatures vanquished.

Notes
Turn   | Place    | Note
-------+----------+-------------------------------------------
     0 | D:1      | Fodor the Minotaur Fighter began the quest for the Orb.
     0 | D:1      | Reached XP level 1. HP: 19/19 MP: 0/0
    76 | D:1      | Reached XP level 2. HP: 27/27 MP: 1/1
   226 | D:1      | Reached XP level 3. HP: 33/33 MP: 2/2
  1376 | D:2      | Reached skill level 1 in Dodging
  1400 | D:2      | Reached XP level 4. HP: 40/40 MP: 3/3
  1950 | D:3      | Noticed Robin
  1961 | D:3      | Killed Robin
  2015 | D:3      | Found Kyxam's Jewellery Shoppe.
  2105 | D:3      | Noticed Grinder
  2114 | D:3      | HP: 2/40 [Grinder (3)]
  2116 | D:3      | Paralysed by Grinder for 4 turns
  2126 | D:3      | Paralysed by Grinder for 5 turns
  2127 | D:3      | Slain by Grinder

Illustrated notes

Levels and vault maps discovered:
D:1:      dpeg_arrival_brainrot, layout_basic
D:2:      layout_basic, st_stairs_4, nicolae_elevator_lobby_plus
D:3:      layout_basic, serial_shops, nicolae_shop_trees,
          minmay_close_crescents, uniq_robin, uniq_grinder

Skill      XL: |  1  2  3 |
---------------+----------+-----
Shields        | 4 |  4.4
Armour         | 4 |  4.3
Fighting       | 4 |  4.1
Axes           | 3 |  3.9
Dodging        | 1 |  1.0

Action                     |  1- 3 |  4- 6 || total
---------------------------+-------+-------++-------
  Melee: War axe           |    88 |    38 ||   126
         Headbutt          |    12 |     4 ||    16
    Use: Potion            |       |     3 ||     3
 Armour: Scale mail        |    79 |    38 ||   117
  Dodge: Dodged            |    49 |    19 ||    68
  Block: Buckler           |    27 |    10 ||    37

Table legend: (Time is in decaauts)
 A = Elapsed time spent in this place.
 B = Non-inter-level travel time spent in this place.
 C = Inter-level travel time spent in this place.
 D = Time resting spent in this place.
 E = Time spent auto-exploring this place.
 F = Levels seen in this place.
 G = Mean time per level.
                   A        B        C        D        E       F      G
               +--------+--------+--------+--------+--------+-----+--------+
         Total |   2174 |   2127 |     47 |      0 |   1485 |   3 |  724.7 |
       Dungeon |   2174 |   2127 |     47 |      0 |   1485 |   3 |  724.7 |
               +--------+--------+--------+--------+--------+-----+--------+

Top non-repeatable levels by time:
     D:2: 1057 daAuts
     D:1: 757 daAuts
     D:3: 359 daAuts
